 Dungeon Crawl Stone Soup version 0.22.0-16-gc6d26f6 (webtiles) character file.

214 Azzok the Digger (level 5, -3/42 HPs)
             Began as a Deep Dwarf Earth Elementalist on Aug 17, 2018.
             Slain by an ogre
             ... wielding a +0 giant club
              (18 damage)
             ... on level 3 of the Dungeon.
             The game lasted 00:04:08 (2044 turns).

Azzok the Digger (Deep Dwarf Earth Elementalist)    Turns: 2044, Time: 00:04:09

Health: -3/42      AC:  2    Str: 11    XL:     5   Next: 59%
Magic:  5/7        EV: 12    Int: 17    God:
Gold:   136        SH:  0    Dex: 13    Spells: 3/7 levels left

rFire    . . .     SeeInvis .   f - -1 club (curse)
rCold    . . .     Gourm    .   (no shield)
rNeg     . . .     Faith    .   c - +0 robe
rPois    .         Spirit   .   (no helmet)
rElec    .         Reflect  .   (no cloak)
rCorr    .         Harm     .   (no gloves)
MR       .....                  (no boots)
Stlth    ++........             i - amulet of magic regeneration
HPRegen  0.00/turn              (no ring)
MPRegen  0.35/turn              (no ring)

@: non-regenerating
A: damage resistance, heal wounds, sense surroundings 1, no regeneration
a: Heal Wounds


You were on level 3 of the Dungeon.
You were hungry.

You visited 1 branch of the dungeon, and saw 3 of its levels.

You collected 136 gold pieces.

Inventory:

Hand Weapons
 f - a cursed -1 club (weapon)
Missiles
 b - 38 stones (quivered)
Armour
 c - a +0 robe (worn)
Jewellery
 i - an amulet of magic regeneration (around neck)
Scrolls
 a - a scroll of blinking {unknown}
 g - a scroll of fear {unknown}
 h - a scroll of teleportation {unknown}
 j - 5 scrolls of identify {unknown}
 k - a scroll of remove curse {unknown}
 l - a scroll of amnesia {unknown}
Potions
 e - a potion of lignification {unknown}
 n - a potion of mutation {unknown}
 o - a potion of might {unknown}
Comestibles
 d - 6 rations


   Skills:
 - Level 2.1 Dodging
 - Level 2.4 Stealth
 - Level 1.7 Spellcasting
 + Level 2.8 Conjurations
   Level 0.8 Transmutations
 + Level 7.1 Earth Magic


You had 3 spell levels left.
You knew the following spells:

 Your Spells              Type           Power        Failure   Level  Hunger
a - Sandblast             Erth           ####..       1%          1    #......
b - Stone Arrow           Conj/Erth      ###...       8%          3    ###....

Your spell library contained the following spells:

 Spells                   Type           Power        Failure   Level  Hunger
 Passwall                 Tmut/Erth      ###.....     6%          2    ###....
 Lee's Rapid Deconstruct  Erth           ####......   28%         5    ######.
 Petrify                  Tmut/Erth      ###.....     36%         4    #####..


Dungeon Overview and Level Annotations

Branches:
Dungeon (3/15)

Altars:

Annotations:
D:3 Sigmund


Innate Abilities, Weirdness & Mutations

You are resistant to damage.
You can heal yourself by infusing magical energy.
You passively map a small area around you.
You do not regenerate.


Message History

Confirm with . or Enter, or press ? or * to list all spells.
Aiming: Sandblast (safe; 1% risk of failure)
Press: ? - help, Shift-Dir - straight line, f/p - Ijyb
Aim: Ijyb, wielding a dagger, wearing a chain mail and carrying a wand of paralysis (8) (severely wounded)
The blast of sand hits Ijyb.
You kill Ijyb!
b - 39 stones
* * * LOW MAGIC WARNING * * *
Things that are here:
a short sword; a kobold corpse
Casting: Sandblast (safe; 1% risk of failure)
Confirm with . or Enter, or press ? or * to list all spells.
Aiming: Sandblast (safe; 1% risk of failure)
Press: ? - help, Shift-Dir - straight line, f - ogre
Aim: an ogre, wielding a giant club (moderately wounded)
The blast of sand hits the ogre.
The ogre is severely wounded.
b - 38 stones The ogre hits you with a giant club!!
You die...

▒▒▒▒▒·▒·▒
▒·▒▒▒▒▒▒·▒
▒(▒·▒▒▒·▒ ▒·▒
▒·▒·····▒ ▒·▒
▒·▒▒▒▒▒▒▒▒▒▒▒▒·▒▒▒
▒▒▒▒ ▒·▒
◦◦··········▒ ···▒
▒·▒ ░ ▒▒▒▒▒▒▒·▒·▒
···▒ ▒·▒
▒······▒·▒ ·)·▒
▒·▒·▒ ▒·▒▒▒▒▒▒·▒
···▒ ▒·▒·▒ ▒@▒ ▒·▒
···▒ ▒)▒·▒ ▒O▒ ▒·▒
···▒ ▒·▒·▒ ▒·▒ ▒·▒
···▒▒▒▒▒·▒·▒ ▒·▒
▒·▒ ·········▒·▒
▒·▒ ▒·▒
··▒·▒▒▒▒·▒·▒ ▒·▒
▒·▒
··▒········▒▒▒▒▒·▒
▒·▒
▒·▒············)·▒
▒·▒·▒▒▒▒'▒▒▒▒▒▒▒▒▒
◦


You could see an ogre.

Vanquished Creatures
  2 hounds (D:3)
  Ijyb (D:3)
  A worker ant (D:2)
  A gnoll (D:3)
  3 adders (D:2)
  2 oozes (D:3)
  2 dart slugs (D:1)
  A leopard gecko (D:2)
  An orc (D:3)
  2 giant cockroaches
  5 goblins
  11 hobgoblins
  5 jackals
  4 ball pythons
  4 bats
  2 frilled lizards
  4 kobolds
  4 rats
55 creatures vanquished.

Notes
Turn   | Place    | Note
-------+----------+-------------------------------------------
     0 | D:1      | Azzok the Deep Dwarf Earth Elementalist began the quest for the Orb.
     0 | D:1      | Reached XP level 1. HP: 15/15 MP: 3/3
   247 | D:1      | Reached XP level 2. HP: 17/22 MP: 2/4
   338 | D:1      | Reached skill level 5 in Earth Magic
   843 | D:2      | Reached XP level 3. HP: 13/28 MP: 2/5
   848 | D:2      | Learned a level 3 spell: Stone Arrow
  1052 | D:2      | Reached skill level 1 in Conjurations
  1052 | D:2      | Reached skill level 6 in Earth Magic
  1142 | D:2      | Reached XP level 4. HP: 17/36 MP: 2/6
  1731 | D:3      | Noticed Sigmund
  1759 | D:3      | Reached XP level 5. HP: 17/42 MP: 3/7
  1786 | D:3      | Reached skill level 7 in Earth Magic
  2003 | D:3      | Noticed Ijyb
  2005 | D:3      | Noticed an ogre
  2010 | D:3      | Paralysed by Ijyb for 7 turns
  2026 | D:3      | Killed Ijyb
  2044 | D:3      | Slain by an ogre

Skill      XL: |  1  2  3  4  5 |
---------------+----------------+-----
Earth Magic    | 5 6 7 |  7.1
Conjurations   | 1 2 |  2.8
Dodging        | |  2.1
Stealth        | |  2.4
Spellcasting   | |  1.7
Transmutations | |  0.8

Action                   |  1- 3 |  4- 6 || total
-------------------------+-------+-------++-------
 Cast: Sandblast         |    37 |    31 ||    68
       Stone Arrow       |     8 |    11 ||    19
  Eat: Chunk             |     3 |     4 ||     7
Armor: Robe              |     2 |     2 ||     4
Dodge: Dodged            |     6 |    22 ||    28
